Map: Dasan Station LE

Players

GoSPeL - Winner!

  • Race: Zerg Zerg
  • Spawn Location: 12:00

Fropez

  • Race: Protoss Protoss
  • Spawn Location: 6:00

VOD

Have the link to the VOD?

Description

Time

  • Played on: Oct. 18, 2016, 5:52 p.m.
  • Length: 27:47
Show
View Real Time Build Order
Export as new Build Order

GoSPeL Zerg - Winner!

Build Orders: Hatch First, Lurkers 

Get SALT Encoding   

  12  0:02  Drone  
  13  0:12  Overlord  
  13  0:17  Drone  
  14  0:30  Drone x2  
  16  0:38  Drone  
  17  0:53  Hatchery  
  17  0:56  Drone  
  17  1:04  Drone  
  18  1:15  Extractor  
  18  1:17  Spawning Pool  
  18  1:18  Drone  
  17  1:34  Drone x2  
  19  1:49  Drone  
  20  2:06  Queen  
  20  2:07  Queen  
  20  2:08  Drone x2  
  26  2:14  Overlord  
  26  2:23  Drone x2  
  28  2:34  Drone x3  
  31  2:41  Roach Warren  
  30  2:46  Extractor  
  30  2:48  Queen  
  30  2:49  Drone  
  30  2:50  Drone  
  33  2:51  Overlord  
  33  2:56  Drone  
  34  3:13  Drone  
  34  3:16  Drone x2  
  34  3:19  Overlord  
  37  3:21  Roach x3  
  43  3:27  Overlord  
  43  3:28  Drone  
  43  3:29  Overlord  
  44  3:38  Lair  
  44  3:41  Roach x2  
  48  3:47  Roach  
  50  3:57  Roach x4  
  50  3:59  Overlord  
  58  4:03  Roach x4  
  66  4:17  Overlord  
  66  4:18  Roach  
  66  4:20  Roach  
  66  4:24  Drone  
  71  4:26  Extractor  
  70  4:36  Roach x7  
  79  5:13  Roach  
  83  5:14  Roach  
  83  5:15  Spine Crawler, Roach  
  84  5:33  Hatchery  
  83  5:38  Hydralisk Den  
  76  6:20  Drone x5  
  76  6:21  Drone x3  
  76  6:22  Overlord x3  
  84  6:26  Lurker Den  
  84  6:28  Overlord  
  84  6:38  Extractor  
  84  6:39  Overseer  
  83  6:47  Tunneling Claws  
  83  6:49  Burrow  
  83  6:57  Drone x3  
  83  6:58  Drone  
  83  6:59  Drone x3  
  90  7:07  Hydralisk  
  90  7:08  Hydralisk x6  
  92  7:12  Hydralisk  
  106  7:35  Queen  
  106  7:36  Drone  
  109  7:37  Drone x8  
  109  7:39  Extractor  
  109  7:41  Extractor  
  115  8:18  Infestation Pit  
  114  8:54  Lurker  
  114  8:55  Lurker x2  
  117  8:56  Lurker  
  117  9:01  Hydralisk  
  117  9:02  Hydralisk  
  122  9:04  Overlord x4  
  122  9:05  Overlord x2  
  94  10:01  Hydralisk  
  94  10:02  Hydralisk x19  
  130  10:21  Hive  
  114  10:40  Queen  
  114  10:41  Drone x2  
  114  10:42  Drone x8  
  102  10:43  Drone x3  
  103  10:51  Roach x5  
  113  11:10  Extractor  
  112  11:11  Roach  
  112  11:12  Roach x5  
  112  11:13  Hatchery  
  112  11:16  Extractor  
  122  11:24  Evolution Chamber  
  121  11:27  Evolution Chamber  
  121  11:30  Roach  
  121  11:31  Roach x7  
  136  11:45  Roach x3  
  129  12:03  Spire  
  129  12:07  Hydralisk x6  
  129  12:08  Hydralisk x6  
  148  12:13  Roach x21  
  142  12:33  Hydralisk x3  
  93  13:26  Roach  
  89  13:27  Roach x14  
  117  13:36  Queen  
  117  13:40  Drone x3  
  122  13:48  Corruptor x6  
  134  13:56  Corruptor x3  
  140  14:10  Hydralisk x3, Hatchery  
  139  14:24  Overseer x2  
  139  14:28  Lurker x2  
  139  14:29  Lurker  
  139  14:30  Lurker  
  139  14:31  Lurker x2  
  145  14:35  Lurker x2  
  144  14:43  Corruptor  
  144  14:44  Corruptor x7  
  160  14:49  Overlord x4  
  160  15:04  Glial Reconstitution  
  160  15:06  Muscular Augments  
  160  15:08  Zerg Missile Weapons Level 1  
  160  15:13  Zerg Melee Weapons Level 1  
  160  15:39  Greater Spire  
  158  16:05  Overlord  
  158  16:09  Overseer  
  158  16:10  Overseer  
  158  16:37  Queen  
  160  16:51  Brood Lord x2  
  160  16:52  Brood Lord x4  
  160  16:53  Brood Lord x2  
  176  17:03  Roach x5  
  176  17:04  Roach x3  
  176  17:05  Corruptor x5  
  163  17:40  Roach x2  
  146  18:00  Corruptor x2  
  146  18:02  Hydralisk, Roach  
  146  18:03  Hydralisk x8  
  146  18:05  Roach x4  
  170  18:36  Hatchery  
  168  18:42  Drone x5  
  168  18:43  Drone x3  
  176  18:59  Queen x4  
  184  19:09  Extractor  
  183  19:20  Roach x17  
  183  19:57  Drone  
  183  19:58  Queen, Drone x6  
  182  20:34  Roach  
  182  20:35  Roach x4  
  176  21:18  Drone x3  
  176  21:19  Drone x3  
  165  21:47  Hatchery  
  161  22:04  Overlord x3  
  161  22:05  Overlord  
  161  22:12  Hydralisk  
  161  22:13  Hydralisk x4  
  171  22:35  Roach  
  171  22:36  Roach x3  
  138  22:58  Roach x5  
  138  22:59  Roach x4  
  136  23:48  Drone x2  
  136  23:54  Drone x2  
  132  24:16  Hatchery  
  105  24:34  Roach x3  
  98  24:45  Drone x3  
  95  24:59  Queen  
  95  25:00  Queen  
  91  25:31  Queen  
  93  25:51  Roach x3  
  99  26:10  Hatchery  
  98  26:12  Roach  
  95  26:55  Roach x6  
  95  27:05  Drone  
  95  27:06  Drone x2  
  98  27:10  Spawning Pool  
  98  27:15  Drone  
  89  27:23  Drone x3  
Show
View Real Time Build Order
Export as new Build Order

Fropez Protoss 

Build Orders:  

Get SALT Encoding   

  12  0:02  Probe (Chrono Boost)  
  13  0:12  Probe (Chrono Boost)  
  14  0:19  Pylon  
  14  0:23  Probe (Chrono Boost)  
  15  0:37  Probe (Chrono Boost)  
  16  0:48  Probe (Chrono Boost)  
  17  0:56  Gateway  
  17  0:58  Probe (Chrono Boost), Gateway  
  18  1:04  Gateway  
  18  1:09  Probe (Chrono Boost)  
  19  1:12  Assimilator  
  19  1:16  Pylon  
  19  1:19  Probe (Chrono Boost)  
  20  1:26  Pylon  
  20  1:38  Forge  
  19  1:48  Gateway  
  19  1:52  Cybernetics Core  
  19  1:53  Probe (Chrono Boost)  
  20  2:16  Probe (Chrono Boost)  
  20  2:17  Photon Cannon  
  21  2:35  Nexus  
  21  2:39  Warp Gate (Chrono Boost)  
  21  2:51  Stalker  
  21  2:54  Stalker  
  25  2:59  Assimilator  
  25  3:04  Probe  
  26  3:16  Probe  
  26  3:17  Stalker  
  29  3:25  Protoss Ground Weapons Level 1 (Chrono Boost)  
  29  3:28  Probe  
  30  3:46  Probe  
  33  4:03  Probe x2  
  33  4:07  Assimilator  
  37  4:16  Mothership Core  
  39  4:17  Probe  
  36  4:38  Adept x2  
  36  4:39  Adept  
  42  5:03  Protoss Ground Armor Level 1  
  42  5:05  Stalker x3  
  42  5:06  Probe  
  43  5:07  Probe  
  44  5:19  Twilight Council  
  44  5:27  Pylon, Probe  
  45  5:32  Probe  
  46  5:48  Stalker x3  
  52  6:00  Pylon, Probe  
  52  6:01  Probe  
  52  6:02  Pylon  
  52  6:03  Photon Cannon  
  52  6:11  Gateway  
  50  6:12  Probe  
  50  6:13  Pylon, Stalker  
  53  6:23  Probe, Gateway  
  54  6:26  Blink (Chrono Boost)  
  54  6:27  Pylon  
  54  6:29  Stalker x2  
  54  6:30  Probe  
  59  6:35  Probe  
  59  6:39  Protoss Ground Weapons Level 2  
  60  6:42  Probe  
  61  6:48  Probe  
  61  6:50  Assimilator  
  62  6:54  Probe  
  62  7:00  Probe  
  64  7:07  Probe  
  65  7:09  Stalker x3  
  65  7:12  Probe  
  72  7:19  Probe  
  73  7:24  Probe  
  73  7:27  Stalker x2  
  78  7:33  Probe  
  79  7:37  Stalker x3  
  85  7:45  Probe  
  85  7:50  Gateway  
  86  7:52  Pylon  
  86  8:10  Probe x2  
  86  8:12  Pylon  
  88  8:14  Pylon  
  88  8:18  Pylon  
  88  8:21  Pylon  
  88  8:22  Probe x2  
  90  8:28  Pylon  
  90  8:29  Stalker x2  
  90  8:30  Stalker x2  
  90  8:31  Stalker  
  100  8:34  Probe  
  101  8:42  Robotics Facility  
  101  8:49  Protoss Ground Weapons Level 3  
  101  8:51  Resonating Glaives (Chrono Boost)  
  101  9:01  Stalker x4  
  101  9:02  Stalker  
  111  9:18  Pylon  
  111  9:19  Pylon  
  111  9:21  Pylon  
  111  9:23  Pylon  
  111  9:31  Photon Cannon  
  109  9:34  Photon Cannon  
  100  9:53  Pylon  
  94  10:05  Photon Cannon, Stalker x2  
  94  10:06  Stalker x2  
  101  10:22  Nexus  
  86  10:42  Probe  
  75  10:48  Nexus  
  75  10:54  Probe  
  76  10:57  Photon Cannon  
  76  11:09  Mothership Core  
  78  11:26  Protoss Shields Level 1  
  78  11:30  Probe  
  79  11:39  Stalker  
  81  11:40  Probe  
  81  11:42  Probe  
  81  11:46  Assimilator  
  81  11:50  Assimilator  
  73  12:02  Stalker x3  
  79  12:26  Stalker x5  
  85  12:37  Robotics Facility  
  85  12:56  Stalker x5  
  81  13:25  Stalker  
  81  13:26  Stalker x5  
  90  13:28  Observer (Chrono Boost)  
  90  13:30  Probe  
  91  13:38  Probe  
  91  13:40  Probe  
  93  13:48  Nexus  
  93  13:54  Probe  
  93  13:56  Probe  
  96  14:04  Observer (Chrono Boost)  
  96  14:05  Probe  
  96  14:06  Probe  
  96  14:07  Robotics Facility  
  96  14:08  Assimilator  
  98  14:11  Stalker x3  
  98  14:13  Protoss Ground Armor Level 2  
  104  14:33  Pylon  
  104  14:36  Probe  
  104  14:37  Probe  
  106  14:39  Pylon  
  106  14:45  Warp Prism (Chrono Boost)  
  108  14:53  Stalker x2  
  108  14:54  Stalker x3  
  118  15:51  Gateway  
  118  15:53  Gateway  
  118  15:56  Gateway  
  118  16:01  Assimilator  
  118  16:02  Probe x2  
  118  16:03  Probe, Gateway  
  121  16:04  Gateway  
  121  16:05  Assimilator  
  121  16:08  Pylon x2  
  121  16:09  Pylon  
  121  16:11  Pylon  
  129  16:14  Immortal x2 (Chrono Boost)  
  129  16:30  Stalker x5  
  129  16:31  Stalker  
  141  16:53  Immortal x2 (Chrono Boost)  
  149  16:58  Probe  
  149  16:59  Probe  
  139  17:36  Stalker x6  
  137  17:53  Protoss Ground Armor Level 3 (Chrono Boost)  
  137  17:54  Gateway  
  137  17:55  Gateway  
  137  17:56  Charge  
  137  17:58  Stalker x5  
  131  17:59  Stalker  
  121  18:07  Stalker  
  121  18:08  Stalker  
  85  18:33  Templar Archives  
  85  18:40  Zealot x4  
  85  18:41  Zealot x5  
  94  18:42  Zealot  
  100  18:56  Observer x2  
  102  19:06  Zealot  
  102  19:07  Zealot x2  
  102  19:08  Zealot x6  
  102  19:09  Nexus, Zealot x4  
  128  19:12  Assimilator  
  128  19:16  Warp Prism  
  128  19:17  Pylon x2  
  130  19:33  Zealot x6  
  142  19:44  Zealot x3  
  142  19:45  Zealot x4  
  144  19:58  Stalker x4  
  150  20:07  Stalker  
  150  20:08  Stalker x6  
  164  20:17  Cybernetics Core  
  164  20:27  Photon Cannon x2  
  162  20:30  Photon Cannon  
  116  20:59  High Templar x7  
  116  21:00  High Templar  
  116  21:03  Archon x3  
  132  21:05  Archon  
  132  21:07  High Templar x3  
  132  21:10  Archon  
  134  21:26  Assimilator  
  134  21:39  Stalker x3  
  122  21:40  Stalker x3  
  122  21:42  High Templar x3  
  113  22:08  Archon x2  
  102  22:12  High Templar x4  
  103  22:41  Nexus  
  103  22:42  Pylon x2  
  95  22:46  High Templar x2  
  95  22:49  Archon  
  95  22:50  Archon  
  91  23:02  Archon  
  85  23:28  Zealot x3  
  71  23:40  Gateway  
  70  23:41  Gateway  
  70  23:42  Gateway  
  70  23:45  Cybernetics Core, Gateway  
  68  23:51  Probe  
  63  24:00  Zealot  
  63  24:01  Zealot x2  
  63  24:02  Probe  
  60  24:12  Probe  
  61  24:23  Probe  
  36  24:32  Probe  
  36  24:33  Probe  
  36  24:41  Assimilator  
  36  24:44  Probe, Assimilator  
  35  24:50  Stargate  
  35  24:52  Stargate  
  36  24:53  Stargate  
  36  24:56  High Templar  
  36  24:57  High Templar x4  
  46  25:00  Archon  
  46  25:01  Archon  
  46  25:10  Gateway  
  46  25:13  Gateway  
  46  25:16  Gateway  
  46  25:21  Gateway  
  42  25:22  Pylon  
  42  25:26  Pylon  
  40  25:32  Zealot x3  
  40  25:34  Zealot  
  48  25:36  Pylon  
  48  25:41  Probe  
  45  25:52  Probe  
  34  26:12  Zealot x3  
  34  26:17  Probe  
  41  26:28  Probe  
  25  27:21  Zealot x4  
  27  27:27  Probe  
Tags
 
Composition
Lurkers
Matchup
PvZ
Replay Pack
All Mines
Spawn Locations
Cross Positions
Add a new tag
Caveats
  • Supply blocks, unpowered buildings, or Contaminate may cause inaccurate times.
  • Supply counts are checked every 10 seconds.